 Dungeon Crawl Stone Soup version 0.18-b1-14-g029dad2 (webtiles) character file.

278 rezek the Skirmisher (level 6, -10/45 HPs)
             Began as an Octopode Fighter on Apr 30, 2016.
             Killed by divine providence
             ... invoked by an orc priest
              (14 damage)
             ... on level 4 of the Dungeon.
             The game lasted 00:07:19 (2758 turns).

rezek the Skirmisher (Octopode Fighter)             Turns: 2758, Time: 00:07:20

Health: -10/45     AC:  3    Str: 17    XL:     6   Next: 26%
Magic:  6/6        EV: 11    Int: 11    God:
Gold:   116        SH:  9    Dex: 15    Spells: 0 memorised, 5 levels left

rFire  . . .     SeeInvis .     a - +0 long sword
rCold  . . .     Gourm    .     b - +0 shield
rNeg   . . .     Faith    .     (helmet restricted)
rPois  .         Spirit   .     (no amulet)
rElec  .         Dismiss  .     r - +2 ring of protection
rCorr  .         Reflect  .     (no ring)
SustAt .         Harm     .     (no ring)
MR     .....                    (no ring)
Stlth  ++........               (no ring)
                                (no ring)
                                (no ring)
                                (no ring)

@: not resistant to hostile enchantments, unstealthy
A: almost no armour, amphibious, 8 rings, constrict 8, camouflage 1, agile 1,
deterioration 1, strong 1, gelatinous body 1
a: no special abilities


You were on level 4 of the Dungeon.
You were not hungry.

You visited 1 branch of the dungeon, and saw 4 of its levels.

You collected 116 gold pieces.

Inventory:

Hand Weapons
 a - a +0 long sword (weapon)
Missiles
 n - 105 stones (quivered)
Armour
 b - a +0 shield (worn)
Jewellery
 r - a +2 ring of protection (left tentacle)
Scrolls
 e - 3 scrolls of remove curse {unknown}
 g - 5 scrolls of identify {unknown}
 h - a scroll of recharging {unknown}
 i - 3 scrolls of blinking {unknown}
 k - a scroll of immolation {unknown}
 m - a scroll of fear {unknown}
 o - a scroll of teleportation {unknown}
Potions
 c - a potion of might
 j - 2 potions of curing
 p - a potion of mutation
 q - a potion of heal wounds
 t - a potion of beneficial mutation {unknown}
Comestibles
 d - 2 bread rations
 f - 5 chunks of flesh
 l - a meat ration
 s - a beef jerky


   Skills:
 + Level 5.0 Fighting
 + Level 4.9 Long Blades
 - Level 3.0 Dodging
 - Level 3.0 Shields


You had 5 spell levels left.
You didn't know any spells.

Dungeon Overview and Level Annotations

Branches:
Dungeon (4/15)
 Temple: D:4-7

Altars:
Qazlal


Innate Abilities, Weirdness & Mutations

You cannot wear most types of armour.
You are amphibious.
You can wear up to eight rings at the same time.
You can use your tentacles to constrict eight enemies at once.
Your skin changes colour to match your surroundings (Stealth).
Your rubbery body absorbs attacks (AC +1).
You are agile. (Dex +2)
Your body sometimes deteriorates upon taking damage.
Your muscles are strong. (Str +2)


Message History

You see here a quokka skeleton.
You start resting.
You block the orc priest's attack. You block the orc priest's attack.
You hit the orc priest. Your grab misses the orc priest.
The orc priest is moderately wounded.
The orc priest hits you with a trident of protection.
You hit the orc priest but do no damage.
Your grab misses the orc priest.
The orc priest is moderately wounded.
The orc priest closely misses you.
You hit the orc priest. You grab the orc priest. You squeeze the orc priest.
The orc priest is almost dead.
You constrict the orc priest, but do no damage.
The orc priest calls down the wrath of Beogh upon you.
Beogh smites you!
* * * LOW HITPOINT WARNING * * *
The orc priest invokes the aid of Beogh against you.
Beogh smites you!
You die...

...##......##...#.....#.........#
## ###########...#...........###
#.......###.#.#...#######.#
#####.#####.#...#.#.......[##.#
....#...# #.#.###.#.######....#
###...#.# #.#.......# ######
#####.#.# #.#####.### ...(..#.#
#.#####o# ###.#.#.# #...รท.@.#
#<.....# ######### #....###
######


You could see an orc priest.

Vanquished Creatures
  2 orc priests (D:3)
  An iguana (D:3)
  Ijyb (D:2)
  A worker ant (D:2)
  4 adders
  2 worms (D:3)
  4 dart slugs
  3 giant geckos
  7 orcs (D:3)
  A ball python (D:3)
  10 bats
  5 giant cockroaches
  7 goblins
  7 hobgoblins
  10 jackals
  5 quokkas
  3 giant newts
  4 kobolds
  8 rats
85 creatures vanquished.

Notes
Turn   | Place    | Note
--------------------------------------------------------------
     0 | D:1      | rezek the Octopode Fighter began the quest for the Orb.
     0 | D:1      | Reached XP level 1. HP: 16/16 MP: 1/1
    81 | D:1      | Reached XP level 2. HP: 18/21 MP: 2/2
   470 | D:1      | Reached XP level 3. HP: 14/27 MP: 3/3
   832 | D:2      | Noticed Ijyb
   836 | D:2      | Killed Ijyb
   836 | D:2      | Reached skill level 4 in Fighting
   836 | D:2      | Reached XP level 4. HP: 33/33 MP: 4/4
  1138 | D:2      | Found a stormy altar of Qazlal.
  1139 | D:2      | Noticed an air elemental
  1140 | D:2      | Noticed a fire elemental
  1208 | D:2      | Noticed a water elemental
  1209 | D:2      | Noticed an earth elemental
  1550 | D:2      | Reached XP level 5. HP: 22/38 MP: 5/5
  1818 | D:3      | Gained mutation: Your body sometimes deteriorates upon taking damage. [potion of mutation]
  1818 | D:3      | Gained mutation: Your muscles are strong. (Str +2) [potion of mutation]
  1818 | D:3      | Gained mutation: You are agile. (Dex +2) [potion of mutation]
  2380 | D:3      | Reached XP level 6. HP: 38/45 MP: 6/6
  2387 | D:3      | Reached skill level 5 in Fighting
  2758 | D:4      | Killed from afar by an orc priest

Skill      XL: |  1  2  3  4  5  6 |
---------------+-------------------+-----
Fighting       | 4 5 |  5.0
Long Blades    | 3 4 |  4.9
Dodging        | |  3.0
Shields        | |  3.0

Action                   |  1- 3 |  4- 6 || total
-------------------------+-------+-------++-------
Melee: Long sword        |    59 |   120 ||   179
       Constrict         |    16 |    38 ||    54
       Tentacles         |     8 |    23 ||    31
  Use: Potion            |       |     3 ||     3
 Stab: Sleeping          |     3 |     9 ||    12
       Distracted        |     1 |       ||     1
  Eat: Chunk             |       |     6 ||     6
Armor: Skin              |     6 |     9 ||    15
Dodge: Dodged            |    32 |    52 ||    84
Block: Shield            |    30 |    51 ||    81
